 Dungeon Crawl Stone Soup version 0.28-a0-241-gfbb0926a3a (webtiles) character file.

Game seed: 17987407494358838397

15014 Malachi the Cleaver (level 11, -13/83 HPs)
             Began as a Demonspawn Fighter on Aug 24, 2021.
             Was an Initiate of Gozag.
             Killed from afar by Jorgrun (29 damage)
             ... with an iron shot
             ... on level 12 of the Dungeon.
             The game lasted 00:17:47 (13609 turns).

Malachi the Cleaver (Demonspawn Fighter)           Turns: 13609, Time: 00:17:47

Health: -13/83     AC: 34    Str: 19    XL:     11   Next: 96%
Magic:  0/11       EV:  3    Int: 11    God:    Gozag
Gold:   1493       SH: 16    Dex: 12    Spells: 10/10 levels left

rFire   + . .      SeeInvis .   a - +3 war axe (vorpal)
rCold   + . .      Faith    .   c - +1 kite shield
rNeg    . . .      Spirit   +   u - +9 scales of the Dragon King {rPois rF+ rC+ Will+}
rPois   +          Reflect  .   e - +2 hat
rElec   .          Harm     .   d - +1 cloak {Will+}
rCorr   .          Rampage  .   r - +0 pair of gloves
Will    ++...                   w - +0 pair of boots
Stlth   ..........              x - amulet of guardian spirit
HPRegen 0.23/turn               g - +4 ring of evasion
MPRegen 0.12/turn               y - +4 ring of slaying

@: grasped by roots, gold aura, constricted
A: claws 2, molten scales 2, condensation shield, demonic magic 1
a: Renounce Religion, Potion Petition, Call Merchant, Bribe Branch


You were on level 12 of the Dungeon.
You worshipped Gozag.
Gozag was most pleased with you.
You visited 1 branch of the dungeon, and saw 12 of its levels.

You collected 2789 gold pieces.
You spent 1296 gold pieces at shops.

Inventory:

Hand Weapons
 a - a +3 vorpal war axe (weapon)
 s - the +10 dagger "Xexaob" {freeze, SInv Stlth+}
   (You found it on level 7 of the Dungeon)

   It freezes those it strikes, dealing additional cold damage.
   It can also slow down cold-blooded creatures.
   SInv:      It lets you see invisible.
   Stlth:     It makes you more stealthy.
Armour
 c - a +1 kite shield (worn)
 d - a +1 cloak of willpower (worn)
 e - a +2 hat (worn)
 h - a +1 ring mail of fire resistance
 n - a +1 scale mail of poison resistance
 p - a +0 tower shield
 r - a +0 pair of gloves (worn)
 u - the +9 scales of the Dragon King (worn) {rPois rF+ rC+ Will+}
   (You took it off an orc on level 10 of the Dungeon)

   rF:        It protects you from fire.
   rC:        It protects you from cold.
   rPois:     It protects you from poison.
   Will:      It increases your willpower.
 w - a +0 pair of boots (worn)
Jewellery
 g - a +4 ring of evasion (left hand)
 t - a ring of magical power
 v - an amulet of magic regeneration
 x - an amulet of guardian spirit (around neck)
 y - a +4 ring of slaying (right hand)
 B - a ring of protection from fire
Wands
 m - a wand of paralysis (22)
 o - a wand of flame (6)
 q - a wand of iceblast (27)
 A - a wand of acid (9)
Scrolls
 i - 3 scrolls of amnesia
 k - 3 scrolls of fog
 l - 12 scrolls of teleportation
 z - 3 scrolls of identify
 C - a scroll of blinking
 D - a scroll of magic mapping
Potions
 b - a potion of attraction
 j - 2 potions of curing
Miscellaneous
 f - a condenser vane (inert)


   Skills:
 + Level 6.9 Fighting
 + Level 11.3 Axes
 * Level 7.2 Armour
 - Level 3.2 Dodging
 * Level 10.7 Shields
 + Level 0.2 Evocations


You had 10 spell levels left.
You didn't know any spells.
Your spell library contained the following spells:

 Spells                   Type           Power      Damage    Failure   Level
 Animate Skeleton         Necr           0%         N/A       100%        1
 Pain                     Necr           0%         1d4       100%        1
 Corpse Rot               Necr/Air       N/A        N/A       100%        2
 Poisonous Vapours        Pois/Air       0%         N/A       100%        2
 Gell's Gravitas          Tloc           0%         N/A       100%        3
 Lesser Beckoning         Tloc           0%         N/A       100%        3
 Teleport Other           Tloc           0%         N/A       100%        3
 Vampiric Draining        Necr           0%         2d6       100%        3
 Freezing Cloud           Conj/Ice/Air   0%         6-21      100%        5


Dungeon Overview and Level Annotations

Branches:
Dungeon (12/15)            Temple (0/1) D:4            Lair (0/6) D:9
    Orc (0/2) D:11

Altars:
Cheibriados
Gozag
Makhleb
Ru
Sif Muna
Trog
Vehumet
Beogh

Shops:
D:1 =

Annotations:
D:12 Jorgrun


Innate Abilities, Weirdness & Mutations

You have very sharp fingernails.
You are mostly covered in molten scales. (AC +3)
A meltable shield of frost defends you. (SH +4)
Spells you cast may paralyse adjacent enemies.


Message History

You miss Jorgrun. You barely miss the troll.
Jorgrun is no longer covered in acid.
You block Jorgrun's attack. The troll bites you but does no damage.
You block the troll's attack. The troll claws you but does no damage.
Unknown command.
You slash Jorgrun!
Jorgrun is severely wounded.
You closely miss the troll. You block Jorgrun's attack.
The troll bites you but does no damage. You block the troll's attack.
The troll claws you but does no damage.
You hit Jorgrun.
Jorgrun is severely wounded.
You hit the troll. You block Jorgrun's attack. The troll bites you.
* * * LOW HITPOINT WARNING * * *
You block the troll's attack. The troll claws you but does no damage.
You hit Jorgrun.
Jorgrun is severely wounded.
You slash the troll!
You kill the troll!
Jorgrun casts a spell at you.
Roots burst forth from the earth!
The grasping roots grab you! The grasping roots constrict you!
* * * LOW HITPOINT WARNING * * *
You miss Jorgrun.
Jorgrun is severely wounded.
You block Jorgrun's attack. The grasping roots constrict you!
* * * LOW HITPOINT WARNING * * *
You feel better. Jorgrun hits you but does no damage.
The grasping roots constrict you.
Aiming: Corrosive Bolt
Press: ? - help, Shift-Dir - straight line, f - Jorgrun
Aim: Jorgrun, wielding a staff of earth and wearing a +0 robe (severely wounded, 53% to hit)
The bolt of acid hits Jorgrun!
Jorgrun is splashed with acid.
The acid corrodes Jorgrun!
Jorgrun is almost dead.
Jorgrun casts a spell at you. The iron shot hits you!!
You die...
Your body crumbles into a pile of gold.

#### #.## #..#
#### ## ##..#
...# #
...##.... #..#
## ........#
#..# #.
.......## ##..#
##
#.$g$##.##..# #
##@........#
#..........#
#..#....#..##
#..##...####.##
#..# #.[.#
##[## # #..#
#..#..#
##.##### ....
...###.#
##.....
.......# .#
#..### ..# ####


You could see Jorgrun (corroded).

Vanquished Creatures
  Fannar (D:10)
  A two-headed ogre (D:12)
  Urug (D:11)
  The ghost of DocSulfur the Covert, a novice SpEn of Zin (D:10)
  A cyclops (D:11)
  An ugly thing (D:11)
  Maurice (D:10)
  Psyche (D:9)
  2 unseen horrors
  A troll (D:12)
  Grinder (D:4)
  A meliai zombie (D:11)
  9 yaks
  2 wraiths
  2 wyverns (D:8)
  A basilisk (D:12)
  8 vampire mosquitoes
  3 steam dragons
  An acid dragon (D:11)
  5 water moccasins
  11 orc warriors
  A sky beast (D:6)
  2 black bears
  An ice beast (D:6)
  2 ogres
  8 centaurs
  3 kobold brigands
  7 bullfrogs
  3 gnoll sergeants
  A scorpion (D:4)
  6 killer bees (D:9)
  2 howler monkeys
  7 centaur zombies
  A bullfrog zombie (D:7)
  A jelly (D:7)
  14 orc priests
  3 hounds
  A bullfrog skeleton (D:4)
  5 iguanas
  Terence (D:3)
  13 orc wizards
  A statue (D:4)
  A hound zombie (D:5)
  A hound skeleton (D:4)
  3 howler monkey zombies
  18 gnolls
  A howler monkey skeleton (D:4)
  8 adders
  2 shadow imps
  3 white imps
  An ufetubus (D:5)
  4 worms
  A dart slug (D:1)
  47 orcs
  3 bats
  2 endoplasms
  A giant cockroach (D:2)
  9 goblins
  9 hobgoblins
  6 jackals
  4 quokkas
  4 ball pythons
  3 frilled lizards
  15 kobolds
  2 rats (D:3)
286 creatures vanquished.

Vanquished Creatures (others)
  41 fungi (D:9)
  34 plants (D:9)
75 creatures vanquished.

Grand Total: 361 creatures vanquished

Notes
Turn   | Place    | Note
-------+----------+-------------------------------------------
     0 | D:1      | Malachi the Demonspawn Fighter began the quest for the Orb.
     0 | D:1      | Reached XP level 1. HP: 18/18 MP: 1/1
   402 | D:1      | Reached skill level 2 in Axes
   440 | D:1      | Found a faded altar of an unknown god.
   457 | D:1      | Became a worshipper of Gozag Ym Sagoz the Greedy
   465 | D:1      | Found Deirat's Jewellery Boutique.
   473 | D:1      | Gained mutation: A meltable shield of frost defends you.
                  | (SH +4) [demonic ancestry]
   473 | D:1      | Reached XP level 2. HP: 24/24 MP: 2/2
  1276 | D:2      | Reached XP level 3. HP: 15/29 MP: 3/3
  1833 | D:2      | Gained mutation: You are partially covered in molten
                  | scales. (AC +2) [demonic ancestry]
  1833 | D:2      | Reached XP level 4. HP: 35/35 MP: 4/4
  2679 | D:3      | Reached skill level 3 in Axes
  2759 | D:3      | Noticed Terence
  2763 | D:3      | Killed Terence
  3018 | D:3      | Reached XP level 5. HP: 41/41 MP: 5/5
  3324 | D:4      | Reached skill level 4 in Axes
  3502 | D:4      | Gained mutation: Spells you cast may paralyse adjacent
                  | enemies. [demonic ancestry]
  3502 | D:4      | Reached XP level 6. HP: 45/45 MP: 6/6
  3651 | D:4      | Found a radiant altar of Vehumet.
  3695 | D:4      | Noticed Grinder
  3704 | D:4      | Killed Grinder
  3705 | D:4      | Gained mutation: You are mostly covered in molten scales.
                  | (AC +3) [demonic ancestry]
  3705 | D:4      | Reached XP level 7. HP: 41/53 MP: 7/7
  3845 | D:4      | Found a staircase to the Ecumenical Temple.
  3915 | D:4      | Reached skill level 5 in Axes
  3915 | D:4      | Reached skill level 5 in Shields
  4142 | D:5      | Entered Level 5 of the Dungeon
  4781 | D:5      | Reached skill level 6 in Axes
  4927 | D:5      | Reached XP level 8. HP: 59/60 MP: 8/8
  5450 | D:6      | Reached skill level 7 in Axes
  5815 | D:6      | Reached skill level 1 in Dodging
  6421 | D:7      | Reached XP level 9. HP: 65/66 MP: 9/9
  6627 | D:7      | Killed an unseen horror
  7054 | D:7      | Found a transporter.
  7061 | D:7      | Found a transporter.
  7078 | D:7      | Reached skill level 8 in Axes
  7123 | D:7      | Reached skill level 5 in Fighting
  7130 | D:7      | HP: 3/68 [orc warrior/boomerang (5)]
  7133 | D:7      | Reached skill level 5 in Armour
  7546 | D:7      | Identified the +10 dagger "Xexaob" {freeze, SInv Stlth+}
  8220 | D:8      | Gained mutation: You have sharp fingernails. [demonic
                  | ancestry]
  8220 | D:8      | Reached XP level 10. HP: 64/74 MP: 10/10
  8742 | D:1      | Bought an amulet of guardian spirit for 360 gold pieces
  8742 | D:1      | Bought a +4 ring of slaying for 936 gold pieces
  9042 | D:8      | Identified the +2 leather armour "Cuiveri" {rN+ Dex-2 SInv}
  9277 | D:9      | Reached skill level 9 in Axes
  9469 | D:9      | Noticed Psyche
  9473 | D:9      | Killed Psyche
  9566 | D:9      | Found a staircase to the Lair.
 10016 | D:9      | Found a burning altar of Makhleb.
 10019 | D:9      | Found a sacrificial altar of Ru.
 10022 | D:9      | Found a bloodstained altar of Trog.
 10025 | D:9      | Found a snail-covered altar of Cheibriados.
 10301 | D:10     | Entered Level 10 of the Dungeon
 10364 | D:10     | Noticed Fannar
 10391 | D:10     | Killed Fannar
 10392 | D:10     | Reached skill level 10 in Axes
 10909 | D:10     | Found a shimmering blue altar of Sif Muna.
 10941 | D:10     | Noticed Maurice
 10953 | D:10     | Gained mutation: You have very sharp fingernails. [demonic
                  | ancestry]
 10953 | D:10     | Reached XP level 11. HP: 46/81 MP: 11/11
 10973 | D:10     | Killed Maurice
 11464 | D:10     | Identified the +5 chain mail "Ziemp" {rPois Will+ Str+2}
 11465 | D:10     | Found a runed translucent gate.
 11465 | D:10     | Noticed DocSulfur's ghost (novice SpEn)
 11574 | D:10     | Found a runed translucent gate.
 11574 | D:10     | Found a runed translucent gate.
 11725 | D:10     | Killed DocSulfur's ghost
 12114 | D:11     | Noticed a white ugly thing
 12123 | D:11     | Killed a white ugly thing
 12268 | D:11     | Reached skill level 10 in Shields
 12280 | D:11     | Found a staircase to the Orcish Mines.
 12541 | D:11     | Noticed Urug
 12554 | D:11     | Killed Urug
 12876 | D:11     | Reached skill level 11 in Axes
 13587 | D:12     | Noticed Jorgrun
 13593 | D:12     | Noticed a two-headed ogre
 13603 | D:12     | Killed a two-headed ogre
 13609 | D:12     | Killed from afar by Jorgrun

Illustrated notes

Levels and vault maps discovered:
D:1:      dpeg_arrival_water_temple_mockup, layout_basic,
          shapermc_ecumenical_altar_mp_ritualfount, serial_shops, shop
D:2:      layout_basic
D:3:      layout_rooms, st_stairs_13, uniq_terence
D:4:      layout_loops_ring, vehumet_statue, minmay_temple_entry_antechambers,
          kennysheep_flooded_box, minmay_misc_feat_four_crosses, uniq_grinder
D:5:      layout_loops_ring, grunt_decor_arrowhead
D:6:      layout_loops_ring
D:7:      gammafunk_beogh_shrine, layout_basic
D:8:      layout_loops_cross, chequers_serial_rivers_small_b,
          nrook_loot_triangle
D:9:      layout_loops_ring, grunt_temple_overflow_cloverleaf,
          due_lair_maze_entry_diamond, minmay_misc_feat_x,
          corexii_hall_statues_u, dk_noncrumbling_3, fountainhead, uniq_psyche
D:10:     layout_roguey, mainiacjoe_overflow_concentric_impassable,
          biasface_ghost_orc_armoury, minmay_misc_feat_chi, uniq_maurice,
          uniq_fannar
D:11:     layout_irregular_city, david_orc_3, uniq_urug
D:12:     layout_layer_cave, enter_bailey_3, uniq_jorgrun

Skill      XL: |  1  2  3  4  5  6  7  8  9 10 11 |
---------------+----------------------------------+-----
Axes           | 2 3 4 6 7 8 10 11 | 11.3
Shields        | 3 4 5 6 8 9 10 | 10.7
Armour         | 3 4 5 6 7 |  7.2
Fighting       | 4 5 6 |  6.9
Dodging        | 1 2 3 |  3.2
Evocations     | |  0.2

Action                   |  1- 3 |  4- 6 |  7- 9 | 10-12 || total
-------------------------+-------+-------+-------+-------++-------
Melee: War axe           |    73 |   118 |   266 |   408 ||   865
       Unarmed           |       |       |       |     1 ||     1
Evoke: Wand              |       |       |       |     6 ||     6
       Condenser vane    |       |       |       |     1 ||     1
  Use: Scroll            |     1 |     9 |     5 |     4 ||    19
       Potion            |       |     2 |     6 |     7 ||    15
 Stab: Distracted        |     1 |       |     1 |     3 ||     5
Armor: Scale mail        |     7 |       |    68 |    81 ||   156
       Chain mail        |    25 |    49 |    41 |       ||   115
       Ring mail         |       |       |    24 |       ||    24
       Gold dragon scale |       |       |       |   149 ||   149
Dodge: Dodged            |    25 |    31 |   100 |   115 ||   271
Block: Kite shield       |    58 |    90 |   208 |   354 ||   710

Table legend: (Time is in decaauts)
 A = Elapsed time spent in this place.
 B = Non-inter-level travel time spent in this place.
 C = Inter-level travel time spent in this place.
 D = Time resting spent in this place.
 E = Time spent auto-exploring this place.
 F = Levels seen in this place.
 G = Mean time per level.
                   A        B        C        D        E       F      G
               +--------+--------+--------+--------+--------+-----+--------+
         Total |  13878 |  13075 |    803 |   2580 |   7974 |  12 | 1156.5 |
       Dungeon |  13878 |  13075 |    803 |   2580 |   7974 |  12 | 1156.5 |
               +--------+--------+--------+--------+--------+-----+--------+

Top non-repeatable levels by time:
     D:7: 1844 daAuts
    D:10: 1773 daAuts
     D:2: 1544 daAuts
    D:11: 1331 daAuts
     D:5: 1237 daAuts
     D:1: 1228 daAuts
     D:8: 1123 daAuts
     D:9: 1090 daAuts
     D:4: 994 daAuts
     D:6: 846 daAuts
     D:3: 646 daAuts
    D:12: 217 daAuts
